 Dungeon Crawl Stone Soup version 0.26-b1-32-g5d43845318 (webtiles) character file.

Game seed: 1582258920045894215

28942 Borgoz the Carver (level 13, -1/113 HPs)
             Began as a Ghoul Gladiator on Jan 13, 2021.
             Was a High Priest of Makhleb.
             Slain by a very large slime creature (38 damage)
             ... summoned by an orange crystal statue
             ... while paralysed
             ... on level 10 of the Dungeon.
             The game lasted 00:20:49 (10826 turns).

Borgoz the Carver (Ghoul Gladiator)                Turns: 10826, Time: 00:20:50

Health: -1/113     AC: 23    Str: 27    XL:     13   Next: 42%
Magic:  0/12       EV:  2    Int: -1 (3) God:    Makhleb [*****.]
Gold:   1150       SH:  0    Dex: 12    Spells: 12/12 levels left

rFire    + . .     SeeInvis .   O - +5 sword of Power {vorpal}
rCold    + . .     Faith    .   (shield currently unavailable)
rNeg     + + +     Spirit   +   w - +0 plate armour {rF+}
rPois    ∞         Reflect  .   d - +2 helmet
rElec    .         Harm     .   G - scarf {repulsion}
rCorr    .         Rampage  .   j - +0 pair of gloves
Will     .....                  k - +2 pair of boots {run}
Stlth    ..........             E - amulet of guardian spirit
HPRegen  0.00/turn              g - +4 ring of slaying
MPRegen  0.13/turn              v - +6 ring of strength

@: confused, paralysed, slowed, lost intelligence, studying Armour, repel
missiles, quick
A: claws 1, cold resistance 1, negative energy resistance 3, inhibited
regeneration, torment resistance, unbreathing
a: Renounce Religion, Minor Destruction, Lesser Servant of Makhleb, Major
Destruction, Greater Servant of Makhleb


You were on level 10 of the Dungeon.
You worshipped Makhleb.
Makhleb was extremely pleased with you.
You visited 1 branch of the dungeon, and saw 13 of its levels.
You also visited: Bailey.

You collected 1407 gold pieces.
You spent 257 gold pieces at shops.

Inventory:

Hand Weapons
 a - the +10 long sword of Qynif {vorpal, Dex+2}
   (You found it on level 5 of the Dungeon)

   It inflicts extra damage upon your enemies.
   It affects your dexterity (+2).
 b - a +1 scimitar of flaming
 O - the +5 sword of Power (weapon) {vorpal}
   (You found it on level 12 of the Dungeon)

   It inflicts extra damage upon your enemies.
Armour
 d - a +2 helmet (worn)
 j - a +0 pair of gloves (worn)
 k - a +2 pair of boots of running (worn)
 w - a +0 plate armour of fire resistance (worn)
 G - a scarf of repulsion (worn)
 P - the +2 ratskin cloak {*Rats rPois rN+ Str-1 Int-1 Dex+1}
   (You found it on level 12 of the Dungeon)

   It affects your strength (-1).
   It affects your intelligence (-1).
   It affects your dexterity (+1).
   It protects you from poison.
   It protects you from negative energy.
Jewellery
 g - a +4 ring of slaying (left hand)
 n - an uncursed amulet of regeneration
 v - a +6 ring of strength (right hand)
 E - an amulet of guardian spirit (around neck)
 K - an uncursed ring of protection from cold
Wands
 r - a wand of digging (5)
 A - a wand of flame (2)
 C - a wand of iceblast (11)
Scrolls
 f - 4 scrolls of teleportation
 h - 3 scrolls of enchant weapon
 m - 7 scrolls of remove curse
 o - a scroll of blinking
 s - a scroll of enchant armour
 t - 3 scrolls of fog
 u - 2 scrolls of fear
 x - 5 scrolls of magic mapping
 F - 2 scrolls of summoning {unknown}
 L - a scroll of brand weapon {unknown}
Potions
 e - 3 potions of magic
 i - 3 potions of brilliance
 l - a potion of might
 p - 3 potions of heal wounds
 q - 2 potions of flight
 z - 3 potions of curing
 B - 3 potions of haste
 D - a potion of invisibility
 H - a potion of resistance
 J - a potion of cancellation
Books
 c - a manual of Armour


   Skills:
 + Level 9.8 Fighting
 * Level 11.3 Long Blades
 - Level 1.7 Throwing
 * Level 11.0 Armour
 * Level 11.3 Dodging


You had 12 spell levels left.
You didn't know any spells.
Your spell library contained the following spells:

 Spells                   Type           Power        Failure   Level
 Freeze                   Ice            0%           99%         1
 Sting                    Tmut/Pois      0%           99%         1
 Poisonous Vapours        Pois/Air       0%           100%        2
 Frozen Ramparts          Ice            0%           100%        3
 Ignite Poison            Fire/Tmut/Pois 0%           100%        3
 Mephitic Cloud           Conj/Pois/Air  0%           100%        3
 Ozocubu's Armour         Ice            0%           100%        3
 Hailstorm                Conj/Ice       0%           100%        4
 Olgreb's Toxic Radiance  Pois           0%           100%        4
 Summon Ice Beast         Ice/Summ       0%           100%        4
 Irradiate                Conj/Tmut      0%           100%        5
 Hydra Form               Tmut           Unusable     N/A         6
 Statue Form              Tmut/Erth      Unusable     N/A         6
 Dragon Form              Tmut           Unusable     N/A         7

Dungeon Overview and Level Annotations

Branches:
Dungeon (13/15)            Temple (0/1) D:4            Lair (0/6) D:9
    Orc (0/2) D:11         Bailey (visited)
 Vaults: D:13-14

Altars:
Cheibriados
Dithmenos
Fedhas
Gozag
Hepliaklqana
Kikubaaqudgha
Makhleb
Nemelex Xobeh
Okawaru
Trog
Wu Jian
Zin

Shops:
D:8 [*   D:9 (*:*

Annotations:
D:10 1 runed translucent door, exclusion: 3 orange crystal statues
D:12 1 runed translucent door


Innate Abilities, Weirdness & Mutations

You thrive by killing the living.
You are immune to poison.
You have sharp fingernails.
Your flesh is cold resistant. (rC+)
You are immune to negative energy. (rN+++)
You do not regenerate when monsters are visible.
You are immune to unholy pain and torment.
You can survive without breathing.


Message History

You slash the slime creature!
The bolt of energy hits the slime creature!!
The slime creature is almost dead. x2
The slime creature barely misses you.
The orange crystal statue glitters topaz in the dim dungeon light.
The slime creature hits you but does no damage.
The very large slime creature misses you.
You bump into the stone wall.
The slime creature hits you!
The slime creature hits you but does no damage.
The very large slime creature closely misses you.
You barely miss the slime creature.
The slime creature is almost dead.
The slime creature barely misses you.
The orange crystal statue fixes its piercing gaze on you.
You feel your power leaking away.
The orange crystal statue fixes its piercing gaze on you. x2
You feel dopey.
You have lost your intelligence.
Something feeds on your intellect! The slime creature hits you!
The very large slime creature hits you!!!
You die...

...#.)....##..##...........#....#
.........###...................##
#..........................#...#
...............#...............#
#....)...................#.....#
...........#......##.....##....#
.##...##......o...........#.#.##
..#.#.##..####Y####.........###
...##..#..#8.YoJ@.#.....##...#
...#......#.#YoJ#J#.....###.##
..##......#..oYoJB#..........#
..##......#...hFYo#......#...####
..........#.......#.....###.(...#
##........#.#...#.#.............#
#...(.....#8.$...8#....##..#...##
#.........####+####...##########
.....................##


You could see 3 orange crystal statues, a very large slime creature (summoned),
2 slime creatures, 4 yaks, an orc warrior (summoned), a bullfrog (summoned), a
hound (summoned), a worker ant (summoned), an orc priest (summoned), an orc
wizard (summoned, fast) and 2 orcs.

Vanquished Creatures
  A boulder beetle (D:13)
  2 hydras
  A centaur warrior (D:13)
  6 two-headed ogres
  A tengu warrior (D:12)
  4 skeletal warriors (D:12)
  4 unseen horrors
  An orange crystal statue (D:10)
  A harpy (shapeshifter) (D:12)
  6 ugly things
  A deep elf mage (D:12)
  An orc knight (Bailey)
  2 manticores
  A cyclops (D:12)
  A centaur zombie (D:12)
  3 gargoyles
  An efreet (D:9)
  A freezing wraith (D:12)
  Prince Ribbit (D:7)
  A hornet (shapeshifter) (D:12)
  A hornet (D:12)
  Sigmund (D:2)
  3 wyverns
  A vampire (D:9)
  5 yaks
  A basilisk (D:13)
  A wraith (D:12)
  4 vampire mosquitoes (D:12)
  Edmund (D:5)
  4 water moccasins
  6 ice beasts
  4 sky beasts
  2 hornet zombies
  4 orc warriors
  2 black bears (D:9)
  6 ogres
  3 phantoms
  3 necrophages
  6 centaurs
  A big kobold (D:12)
  5 bullfrogs
  2 wyvern skeletons
  2 scorpions (D:9)
  13 killer bees
  An electric eel (D:8)
  3 howler monkeys (D:11)
  2 bullfrog zombies
  9 hounds
  6 jellies
  2 orc priests
  3 centaur skeletons
  A gnoll shaman (D:10)
  Ijyb (D:3)
  4 bullfrog skeletons
  Natasha (thrice) (D:2)
  6 iguanas
  9 orc wizards
  15 worker ants
  A killer bee zombie (D:9)
  3 hound zombies
  A howler monkey zombie (D:11)
  3 worker ant zombies
  Robin (D:2)
  A howler monkey skeleton (D:9)
  11 gnolls
  14 adders
  2 shadow imps
  7 white imps
  An ufetubus (D:5)
  An adder zombie (D:6)
  An adder skeleton (D:4)
  2 worms
  A dart slug (D:4)
  5 leopard geckos
  39 orcs
  4 bats
  2 giant cockroaches
  26 goblins
  11 hobgoblins
  4 jackals (D:4)
  15 kobolds
  5 quokkas
  2 ball pythons
  2 frilled lizards (D:2)
  A jackal skeleton (D:5)
  A quokka zombie (D:9)
  6 rats
359 creatures vanquished.

Vanquished Creatures (others)
  An orc wizard (D:13)
  40 fungi (D:9)
  52 plants (D:9)
93 creatures vanquished.

Grand Total: 452 creatures vanquished

Notes
Turn   | Place    | Note
-------+----------+-------------------------------------------
     0 | D:1      | Borgoz the Ghoul Gladiator began the quest for the Orb.
     0 | D:1      | Reached XP level 1. HP: 17/17 MP: 0/0
     3 | D:1      | Noticed an electric eel
     3 | D:1      | Noticed an electric eel
   480 | D:1      | Reached XP level 2. HP: 24/24 MP: 1/1
   964 | D:2      | Noticed Sigmund
   977 | D:2      | Killed Sigmund
   978 | D:2      | Reached XP level 3. HP: 31/31 MP: 2/2
   978 | D:2      | Reached XP level 4. HP: 38/38 MP: 3/3
   978 | D:2      | Reached XP level 5. HP: 45/45 MP: 4/4
  1101 | D:2      | Noticed Natasha
  1108 | D:2      | Killed Natasha
  1109 | D:2      | Noticed Robin
  1119 | D:2      | Reached XP level 6. HP: 19/51 MP: 5/5
  1136 | D:2      | Killed Robin
  1531 | D:2      | Noticed Natasha
  1534 | D:2      | Killed Natasha
  1665 | D:2      | Noticed Natasha
  1677 | D:2      | Killed Natasha
  2248 | D:3      | Found an ancient bone altar of Kikubaaqudgha.
  2260 | D:3      | Noticed Ijyb
  2274 | D:3      | Killed Ijyb
  2505 | D:3      | Noticed an ice beast
  2516 | D:3      | Killed an ice beast
  2517 | D:3      | Reached XP level 7. HP: 43/57 MP: 6/6
  3117 | D:3      | Found a burning altar of Makhleb.
  3405 | D:3      | Became a worshipper of Makhleb the Destroyer
  3797 | D:4      | Found a staircase to the Ecumenical Temple.
  3899 | D:4      | Found a burning altar of Makhleb.
  4072 | D:5      | Entered Level 5 of the Dungeon
  4150 | D:5      | Got a warped long sword
  4151 | D:5      | Identified the +10 long sword of Qynif {vorpal, Dex+2} (You
                  | found it on level 5 of the Dungeon)
  4293 | D:5      | Noticed Edmund
  4302 | D:5      | Killed Edmund
  4303 | D:5      | Reached skill level 5 in Long Blades
  4303 | D:5      | Reached skill level 5 in Dodging
  4303 | D:5      | Reached XP level 8. HP: 34/66 MP: 7/7
  4452 | D:5      | Found an ornate altar of the Wu Jian Council.
  4623 | D:6      | Lost intelligence.
  4785 | D:6      | Reached * piety under Makhleb
  5288 | D:7      | Reached skill level 5 in Fighting
  5288 | D:7      | Reached skill level 5 in Armour
  5363 | D:7      | Noticed Prince Ribbit
  5366 | D:7      | Killed Prince Ribbit
  5367 | D:7      | Reached XP level 9. HP: 74/74 MP: 8/8
  5717 | D:8      | Found a glowing silver altar of Zin.
  5797 | D:8      | Noticed a two-headed ogre
  5804 | D:8      | Killed a two-headed ogre
  5804 | D:8      | Reached ** piety under Makhleb
  5847 | D:8      | Found a blossoming altar of Fedhas.
  5851 | D:8      | Found a bloodstained altar of Trog.
  5857 | D:8      | Found a snail-covered altar of Cheibriados.
  5857 | D:8      | Found a hazy altar of Hepliaklqana.
  5858 | D:8      | Found an iron altar of Okawaru.
  5860 | D:8      | Found a sparkling altar of Nemelex Xobeh.
  5862 | D:8      | Found a shadowy altar of Dithmenos.
  5924 | D:8      | Reached XP level 10. HP: 83/83 MP: 9/9
  6076 | D:8      | Found Tupefod's Antique Armour Shop.
  6081 | D:8      | Bought a pair of embroidered boots for 225 gold pieces
  6091 | D:8      | Identified a +2 pair of boots of running (You bought it in
                  | a shop on level 8 of the Dungeon)
  6131 | D:8      | Found Asubbe's Serpentskin Sales.
  6173 | D:8      | Found an opulent altar of Gozag.
  6453 | D:9      | Reached *** piety under Makhleb
  6595 | D:9      | Found a staircase to the Lair.
  6602 | D:9      | Noticed a two-headed ogre
  6612 | D:9      | Killed a two-headed ogre
  6707 | D:9      | Found Cinlup's Book Emporium.
  6738 | D:9      | Found Nadwoss's General Store.
  6819 | D:9      | Found Reugifen's General Store.
  6823 | D:9      | Bought a scroll of identify for 32 gold pieces
  6989 | D:9      | Found a large runed translucent door.
  6989 | D:9      | Found a large runed translucent door.
  7011 | D:9      | Reached XP level 11. HP: 84/92 MP: 8/10
  7068 | D:9      | Found a large runed translucent door.
  7068 | D:9      | Found a large runed translucent door.
  7090 | D:9      | Noticed a two-headed ogre
  7096 | D:9      | Killed a two-headed ogre
  7162 | D:9      | Found Gili's Antique Weapon Shoppe.
  7433 | D:10     | Entered Level 10 of the Dungeon
  7447 | D:10     | Reached **** piety under Makhleb
  7557 | D:10     | Found a flagged portal.
  7570 | Bailey   | Entered a bailey
  7623 | Bailey   | Noticed an orc knight
  7624 | Bailey   | Found a burning altar of Makhleb.
  7638 | Bailey   | Killed an orc knight
  7818 | D:10     | Found a runed translucent door.
  7824 | D:10     | Found the +10 tower shield of Ignorance {rN+ Int-4}
  7973 | D:10     | Found a runed translucent door.
  7974 | D:10     | Noticed an orange crystal statue
  8229 | D:11     | Killed an unseen horror
  8303 | D:11     | Found a staircase to the Orcish Mines.
  8366 | D:11     | Reached ***** piety under Makhleb
  8395 | D:11     | Noticed a four-headed hydra
  8402 | D:11     | Killed a one-headed hydra
  8435 | D:11     | Noticed a brown ugly thing
  8443 | D:11     | Killed a brown ugly thing
  8447 | D:11     | Noticed a manticore
  8456 | D:11     | Killed a manticore
  8805 | D:12     | Noticed a green ugly thing
  8814 | D:11     | Killed a green ugly thing
  8815 | D:11     | Reached XP level 12. HP: 103/103 MP: 9/11
  8832 | D:12     | Noticed a two-headed ogre
  8841 | D:11     | Killed a two-headed ogre
  8907 | D:12     | Reached skill level 10 in Dodging
  8913 | D:12     | Reached skill level 10 in Long Blades
  9090 | D:12     | Found a glowing silver altar of Zin.
  9090 | D:12     | Noticed an angel
  9091 | D:12     | Found a runed translucent door.
  9174 | D:12     | Noticed a six-headed hydra
  9188 | D:12     | Killed a two-headed hydra
  9211 | D:12     | Reached skill level 10 in Armour
  9826 | D:12     | Found a runed translucent door.
  9826 | D:12     | Found a runed translucent door.
  9826 | D:12     | Noticed a two-headed ogre
  9941 | D:12     | Killed a two-headed ogre
  9992 | D:12     | Reached XP level 13. HP: 111/111 MP: 10/12
 10061 | D:12     | Found the +2 ratskin cloak {*Rats rPois rN+ Str-1 Int-1
                  | Dex+1}
 10062 | D:12     | Found the +5 sword of Power {vorpal}
 10719 | D:12     | Identified a scroll of acquirement
 10720 | D:12     | Acquired a manual of Armour
 10826 | D:10     | Lost intelligence.
 10826 | D:10     | Slain by a very large slime creature

Illustrated notes

Levels and vault maps discovered:
D:1:      arrival_aquarium_b, layout_basic
D:2:      kennysheep_the_goblin_king, layout_basic, uniq_sigmund, uniq_robin,
          uniq_natasha
D:3:      layout_loops_corners, overflow_temple_1_default,
          lightli_temple_of_fire, serial_aquarium, aquarium_bridge_straight
          [aquarium_subvault_bridge, aquarium_subvault_window,
          aquarium_subvault_bridge, aquarium_subvault_window],
          aquarium_window_1, aquarium_window_corner, aquarium_view_2c,
          aquarium_view_2b, aquarium_balcony_1b, minmay_starry_boxes, uniq_ijyb
D:4:      layout_loops_cross, temple_statues, makhleb_blood_cavern_becter
D:5:      layout_rooms, kennysheep_mini, uniq_edmund
D:6:      layout_gridville
D:7:      layout_cave_pools, nicolae_overflow_hidden_temple, hex_tiny,
          uniq_prince_ribbit1
D:8:      layout_loops_cross, pdpol_temple_overflow_zin_treasury_gozag_greed,
          minitemple, serial_shops, kennysheep_little_box, minivault_14,
          guppyfry_shop_venom
D:9:      layout_loops_ring, due_lair_maze_entry_diamond, serial_shops, shop,
          nicolae_shop_waterfront, shop, shop, minmay_hollow_rounded_squares
D:10:     layout_cave_pools, enter_bailey_7, chequers_guarded_unrand_ignorance
D:11:     layout_roguey, orc_0_dummy
D:12:     minmay_the_grid_triangle_9x9_rhombus_full
          [minmay_the_grid_triangle_9x9_negative_grid,
          minmay_the_grid_triangle_9x9_thin_v,
          minmay_the_grid_triangle_9x9_from_above,
          minmay_the_grid_triangle_9x9_warning,
          minmay_the_grid_triangle_9x9_odd_lines,
          minmay_the_grid_triangle_9x9_windchime,
          minmay_the_grid_triangle_9x9_tough_junction,
          minmay_the_grid_triangle_9x9_prize_center], layout_cave_pools,
          hex_large, lemuel_angel_altar
D:13:     layout_gridville, minmay_microvault

Skill      XL: |  1  2  3  4  5  6  7  8  9 10 11 12 13 |
---------------+----------------------------------------+-----
Dodging        | 3 4 5 6 7 8 9 10 11 | 11.3
Fighting       | 3 4 5 6 7 8 9 |  9.8
Long Blades    | 3 4 5 6 7 8 9 10 11 | 11.3
Armour         | 2 3 5 6 7 9 10 11 | 11.0
Throwing       | |  1.7

Action                   |  1- 3 |  4- 6 |  7- 9 | 10-12 | 13-15 || total
-------------------------+-------+-------+-------+-------+-------++-------
Melee: Long sword        |    54 |    98 |   220 |   456 |    86 ||   914
       Scimitar          |       |       |       |    12 |       ||    12
       Great sword       |       |       |       |       |    36 ||    36
Throw: Throwing net      |     1 |     2 |       |       |     2 ||     5
Evoke: Wand              |       |       |       |    16 |       ||    16
  Use: Potion            |     1 |     1 |       |     2 |       ||     4
       Scroll            |       |       |    19 |     9 |     3 ||    31
Armor: Leather armour    |    22 |    46 |    10 |       |       ||    78
       Plate armour      |       |       |   135 |   401 |   105 ||   641
Dodge: Dodged            |    38 |    98 |   126 |   320 |   102 ||   684
       Repelled          |       |       |       |       |     2 ||     2
       Rpst.: Long sword |     8 |    24 |    41 |    66 |    14 ||   153
       Great sword       |       |       |       |       |     8 ||     8
